 Dungeon Crawl Stone Soup version 0.23.2-30-g0e89c35649 (webtiles) character file.

Game seed: 16638643616090017664

14 simbs38 the Skirmisher (level 2, -1/19 HPs)
             Began as a Gargoyle Berserker on June 13, 2019.
             Was a Follower of Trog.
             Slain by a worm (6 damage)
             ... on level 2 of the Dungeon on June 22, 2019.
             The game lasted 00:15:39 (555 turns).

simbs38 the Skirmisher (Gargoyle Berserker)          Turns: 555, Time: 00:15:40

Health: -1/19      AC:  5    Str: 20    XL:     2   Next: 41%
Magic:  2/2        EV: 12    Int:  7    God:    Trog [*.....]
Gold:   0          SH:  0    Dex:  9    Spells: 1/1 levels left

rFire    . . .     SeeInvis .   a - +0 hand axe
rCold    . . .     Gourm    .   (no shield)
rNeg     + . .     Faith    .   b - +0 animal skin
rPois    ∞         Spirit   .   (no helmet)
rElec    +         Reflect  .   (no cloak)
rCorr    .         Harm     .   (no gloves)
MR       .....                  (no boots)
Stlth    +.........             (no amulet)
HPRegen  0.06/turn              (no ring)
MPRegen  0.08/turn              (no ring)

@: no status effects
A: negative energy resistance 1, electricity resistance, unbreathing,
petrification resistance, rot immunity, AC +2
a: Berserk, Renounce Religion


You were on level 2 of the Dungeon.
You worshipped Trog.
Trog was aware of your devotion.
You were not hungry.

You visited 1 branch of the dungeon, and saw 2 of its levels.


Innate Abilities, Weirdness & Mutations

You are resistant to torment.
Your stone body is resilient. (AC +2)
You are immune to poison.
You resist negative energy. (rN+)
You are resistant to electric shocks. (rElec)
You can survive without breathing.
You are immune to petrification.
You are immune to rotting.


   Skills:
 + Level 3.5 Fighting
 + Level 2.9 Axes
 + Level 2.4 Armour
 + Level 1.8 Dodging


You had one spell level left.
You didn't know any spells.
Your spell library was empty.

Inventory:

Hand Weapons
 a - a +0 hand axe (weapon)
Armour
 b - a +0 animal skin (worn)
Comestibles
 c - 2 rations

Dungeon Overview and Level Annotations

Branches:
Dungeon (2/15)

Altars:


Message History

You slash the worm!
The worm is moderately wounded.
The worm bites you.
You barely miss the worm.
The worm is moderately wounded.
You hit the worm.
The worm is moderately wounded.
The worm bites you.
You barely miss the worm.
The worm is moderately wounded.
The worm barely misses you.
You hit the worm.
The worm is moderately wounded.
The worm completely misses you.
You barely miss the worm.
The worm is moderately wounded.
You hit the worm.
The worm is moderately wounded.
The worm bites you.
You die...

#.# ..# #.# #.
###.# #.# #.
....# #.######
.## #.#.#
#....>.# ..#
#.#.# ######)#
#.# #.#.# #.#
#.# #.#.##
#.###.###$w..#
########
#......)..@..#
.......<
#####.######.#
######## #.# #
#.# #.# #.#
#.# . #.# ..
#.# #


You could see a worm.

Vanquished Creatures
  2 bats (D:1)
  A giant cockroach (D:2)
  A hobgoblin (D:1)
  A jackal (D:1)
  2 kobolds
  3 goblins
  3 rats (D:1)
13 creatures vanquished.

Notes
Turn   | Place    | Note
-------+----------+-------------------------------------------
     0 | D:1      | simbs38 the Gargoyle Berserker began the quest for the Orb.
     0 | D:1      | Reached XP level 1. HP: 14/14 MP: 1/1
     3 | D:1      | beemSimbs38: I am beemSimbs38. For help, type: !beemSimbs38
     3 | D:1      | beemSimbs38: I am beemSimbs38. For help, type: !beemSimbs38
     6 | D:1      | beemSimbs38: I am beemSimbs38. For help, type: !beemSimbs38
     6 | D:1      | beemSimbs38: I am beemSimbs38. For help, type: !beemSimbs38
    22 | D:1      | beemSimbs38: I am beemSimbs38. For help, type: !beemSimbs38
    23 | D:1      | beemSimbs38: I am beemSimbs38. For help, type: !beemSimbs38
    27 | D:1      | beemSimbs38: I am beemSimbs38. For help, type: !beemSimbs38
    31 | D:1      | beemSimbs38: I am beemSimbs38. For help, type: !beemSimbs38
    34 | D:1      | beemSimbs38: I am beemSimbs38. For help, type: !beemSimbs38
    61 | D:1      | beemSimbs38: I am beemSimbs38. For help, type: !beemSimbs38
    63 | D:1      | beemSimbs38: I am beemSimbs38. For help, type: !beemSimbs38
    65 | D:1      | beemSimbs38: I am beemSimbs38. For help, type: !beemSimbs38
    70 | D:1      | beemSimbs38: I am beemSimbs38. For help, type: !beemSimbs38
    71 | D:1      | beemSimbs38: I am beemSimbs38. For help, type: !beemSimbs38
    71 | D:1      | beemSimbs38: I am beemSimbs38. For help, type: !beemSimbs38
    94 | D:1      | beemSimbs38: I am beemSimbs38. For help, type: !beemSimbs38
    96 | D:1      | beemSimbs38: I am beemSimbs38. For help, type: !beemSimbs38
   100 | D:1      | beemSimbs38: I am beemSimbs38. For help, type: !beemSimbs38
   102 | D:1      | beemSimbs38: I am beemSimbs38. For help, type: !beemSimbs38
   104 | D:1      | beemSimbs38: I am beemSimbs38. For help, type: !beemSimbs38
   107 | D:1      | beemSimbs38: I am beemSimbs38. For help, type: !beemSimbs38
   107 | D:1      | beemSimbs38: I am beemSimbs38. For help, type: !beemSimbs38
   114 | D:1      | beemSimbs38: I am beemSimbs38. For help, type: !beemSimbs38
   114 | D:1      | beemSimbs38: I am beemSimbs38. For help, type: !beemSimbs38
   145 | D:1      | beemSimbs38: I am beemSimbs38. For help, type: !beemSimbs38
   145 | D:1      | beemSimbs38: I am beemSimbs38. For help, type: !beemSimbs38
   145 | D:1      | beemSimbs38: I am beemSimbs38. For help, type: !beemSimbs38
   168 | D:1      | beemSimbs38: I am beemSimbs38. For help, type: !beemSimbs38
   168 | D:1      | beemSimbs38: I am beemSimbs38. For help, type: !beemSimbs38
   171 | D:1      | beemSimbs38: I am beemSimbs38. For help, type: !beemSimbs38
   171 | D:1      | beemSimbs38: I am beemSimbs38. For help, type: !beemSimbs38
   184 | D:1      | beemSimbs38: I am beemSimbs38. For help, type: !beemSimbs38
   184 | D:1      | beemSimbs38: I am beemSimbs38. For help, type: !beemSimbs38
   184 | D:1      | beemSimbs38: I am beemSimbs38. For help, type: !beemSimbs38
   184 | D:1      | beemSimbs38: I am beemSimbs38. For help, type: !beemSimbs38
   184 | D:1      | beemSimbs38: I am beemSimbs38. For help, type: !beemSimbs38
   184 | D:1      | beemSimbs38: I am beemSimbs38. For help, type: !beemSimbs38
   196 | D:1      | meem: I am meem, an upgrade of beem built by MalcolmRose
                  | (check out Malcolm's DCSS vids and other projects at
                  | http://youtube.com/malcolmrosegaming). To have me follow
                  | you in your games, type !subscribemeem - to make me go away
                  | forever, type !quitmeem - For help, type: !meem
   196 | D:1      | beemSimbs38: I am beemSimbs38. For help, type: !beemSimbs38
   196 | D:1      | beemSimbs38: I am beemSimbs38. For help, type: !beemSimbs38
   196 | D:1      | beemSimbs38: I am beemSimbs38. For help, type: !beemSimbs38
   196 | D:1      | beemSimbs38: I am beemSimbs38. For help, type: !beemSimbs38
   269 | D:1      | beemSimbs38: I am beemSimbs38. For help, type: !beemSimbs38
   283 | D:1      | Reached XP level 2. HP: 11/19 MP: 2/2
   357 | D:2      | beemSimbs38: I am beemSimbs38. For help, type: !beemSimbs38
   532 | D:2      | beemSimbs38: I am beemSimbs38. For help, type: !beemSimbs38
   532 | D:2      | beemSimbs38: I am beemSimbs38. For help, type: !beemSimbs38
   551 | D:2      | HP: 4/19 [worm (5)]
   555 | D:2      | Slain by a worm

Levels and vault maps discovered:
D:1:      dpeg_arrival_boxorama, layout_basic
D:2:      layout_loops_ring, okawaru_ov_weapons_minmay

Action                   || total
-------------------------++-------
Melee: Hand axe          ||    59
Armor: Animal skin       ||    42
Dodge: Dodged            ||    50

Table legend:
 A = Non-vault XP
 B = Vault XP
 C = Vault XP percentage of total XP
 D = Non-vault monster count
 E = Vault monster count
 F = Vault count percentage of total count
                 A         B        C        D         E       F
            +---------+---------+-------+---------+---------+-------
      Total |      20 |       0 |   0.0 |      13 |       0 |   0.0
            +---------+---------+-------+---------+---------+-------
        D:1 |      14 |       0 |   0.0 |       9 |       0 |   0.0
        D:2 |       6 |       0 |   0.0 |       4 |       0 |   0.0
            +---------+---------+-------+---------+---------+-------
